[Event "*** Titled Tuesday Blitz"]
[Site "Chess.com"]
[Date "2020.10.27"]
[Round "5"]
[White "BlackBoarder"]
[Black "infinitegiantkiller"]
[Result "0-1"]
[WhiteElo "2582"]
[BlackElo "2426"]
[TimeControl "180+1"]
[EndTime "10:57:08 PDT"]
[Termination "infinitegiantkiller won by resignation"]

1. e4 e6 2. d4 d5 3. Bd3 dxe4 4. Bxe4 Nf6 5. Bf3 Be7 6. Ne2 O-O 7. Na3 c5 8. Nc4 cxd4 9. Qxd4 Bd7 10. Bxb7 Nc6 11. Bxc6 Bxc6 12. f3 Nd5 13. O-O Rc8 14. Kh1 Bb5 15.
b3 Bf6 16. Ne5 Bxe2 17. Re1 Nb6 18. Qe4 Ba6 19. c4 Qe7 20. a4 Rfd8 21. Ba3 Qc7 22.
Bb2 Nd7 23. f4 Nc5 24. Qe3 Bb7 25. Re2 Qe7 26. Rae1 Nd7 27. Kg1 Qc5 28. Nxd7 Qxe3+ 29. Rxe3 Rxd7 30. Bxf6 gxf6 31. R1e2 Kf8 32. Kf2 Ke7 33. g3 Rcd8 34. Rc3 Rd2 35. Ke3 Rxe2+ 36. Kxe2 a5 37.
Ke3 Kd7 38. Rd3+ Kc7 39. Rxd8 Kxd8 40. Kd4 Kc7 41. Kc5 Bc6 42. b4 axb4 43. Kxb4 Kb6 44. a5+ Ka6 45. Kc5 Be4 46. Kd6 Kxa5 47. Ke7 e5 48. Kxf6 exf4 49. gxf4 Bg6 50. f5 Bh5 51.
Kg5 Bf3 52. Kf6 Be4 53. Kxf7 Bxf5 54. Kf6 Bd3 55. c5 Kb5 56. Kg5 Kxc5 57. Kf4 Bg6 58. Kg5 Kd6 59. h4 Bb1 60. Kg4 Ke7 61.
Kg3 Kf6 62. Kg4 Kg6 63. Kf4 Kh6 64. Kg3 Kh5 65. Kh3 Bf5+ 66. Kg3 Be6 67. Kg2 Kxh4 68.
Kh2 Kg4 69. Kh1 h5 70. Kg1 h4 71. Kh1 Kg3 72. Kg1 h3 73. Kh1 Bd5+ 74. Kg1 h2+ 75. Kf1 h1=Q+ 76. Ke2 Qf3+ 77. Kd2 0-1

[Event "*** Titled Tuesday Blitz"]
[Site "Chess.com"]
[Date "2020.10.27"]
[Round "5"]
[White "kuli4ik"]
[Black "ftorodent"]
[Result "1-0"]
[WhiteElo "2882"]
[BlackElo "2671"]
[TimeControl "180+1"]
[EndTime "10:57:09 PDT"]
[Termination "kuli4ik won by resignation"]

1. d4 d5 2. Nf3 Nf6 3. Bf4 c5 4. dxc5 e6 5. e3 Bxc5 6. Be2 O-O 7. O-O Nc6 8. c4 dxc4 9. Bxc4 a6 10. Nc3 b5 11. Bd3 Nb4 12. Be2 Bb7 13. a4 bxa4 14.
Qxa4 Nbd5 15. Nxd5 Nxd5 16. Be5 Qb6 17. Bd4 Bxd4 18.
Qxd4 Qxd4 19. Nxd4 Rfc8 20. Rfc1 Kf8 21. Kf1 Ke7 22. Ke1 Nb4 23. Rxc8 Rxc8 24. Ra4 Nc2+ 25.
Nxc2 Rxc2 26. Rb4 Bxg2 27. Bxa6 Bf3 28. Bd3 Rc1+ 29. Kd2 Rh1 30. h4 h5 31. Rf4 Bd5 32.
b4 f6 33. b5 Kd6 34. Ra4 g5 35. hxg5 fxg5 36. Ra6+ Kc5 37. e4 Bb7 38. Rxe6 Kd4 39. Re7 Bc8 40. b6 Rh3 41. Bc2 Rh2 42. Ke1 Rh1+ 43.
Kd2 Rh2 44. Rc7 Ba6 45. Rd7+ Kc5 46. Rf7 Kxb6 47. Ke3 g4 48. Rf6+ Kb7 49. e5 Rh3+ 50. Kd4 Bb5 51. Be4+ Kc7 52. Kd5 Rh2 53. Kc5 Bd7 54.
Rf7 Kd8 55. Kd6 Be8 56. Rf8 g3 57. fxg3 Rd2+ 58. Bd5 Rd4 59. e6 Rd2 60. e7+ 1-0

[Event "*** Titled Tuesday Blitz"]
[Site "Chess.com"]
[Date "2020.10.27"]
[Round "5"]
[White "Grandmaster2B"]
[Black "BillCoe"]
[Result "1-0"]
[WhiteElo "2486"]
[BlackElo "2041"]
[TimeControl "180+1"]
[EndTime "10:57:09 PDT"]
[Termination "Grandmaster2B won on time"]

1. e4 c5 2. Nf3 e6 3. d4 cxd4 4. Nxd4 a6 5. c4 Nf6 6. Nc3 d6 7. Be2 Be7 8. O-O Nc6 9. Be3 O-O 10. Qd2 Nxd4 11. Bxd4 Bd7 12. b3 Bc6 13. f3 Re8 14. Rad1 Qc7 15. Kh1 Rad8 16. Qe3 Rd7 17. Rc1 Qb8 18.
Rfd1 b5 19. e5 dxe5 20. Bxe5 Qb7 21. cxb5 axb5 22. Rxd7 Qxd7 23. Rd1 Qb7 24. Qg5 h6 25. Qg3 g6 26. Qh4 Nh5 27. Qd4 f6 28. Bg3 Nxg3+ 29. hxg3 Kf7 30. Qe3 g5 31. Qd3 Kg7 32. Nxb5 Rd8 33.
Nd4 Bd5 34. Qe3 Kf7 35. Bc4 Bxc4 36. bxc4 Qd7 37. Rd2 Bc5 38. Qe4 Bxd4 39. Qh7+ Kf8 40. Qh8+ Kf7 41. Qh7+ Kf8 42. Qh8+ Kf7 43. Qxh6 e5 44.
Qh7+ Ke6 45. Qh3+ Kf7 46. Qh7+ Ke6 47. Qh3+ Kd6 48. Qh6 Qe6 49. f4 gxf4 50. gxf4 Rg8 51. fxe5+ fxe5 52. Qe3 Qg4 53. Qh3 Qxh3+ 54. gxh3 Kc5 55.
Kh2 Kxc4 56. Re2 Ra8 57. Re1 1-0

[Event "*** Titled Tuesday Blitz"]
[Site "Chess.com"]
[Date "2020.10.27"]
[Round "5"]
[White "Akhayan"]
[Black "Omk124"]
[Result "1-0"]
[WhiteElo "2274"]
[BlackElo "2406"]
[TimeControl "180+1"]
[EndTime "10:57:09 PDT"]
[Termination "Akhayan won on time"]

1. d4 Nf6 2. Nf3 g6 3. g3 Bg7 4. Bg2 O-O 5. O-O d5 6. c4 c6 7. cxd5 cxd5 8. Ne5 Nc6 9. Nxc6 bxc6 10. Nc3 Bb7 11.
Na4 Nd7 12. Bf4 Qa5 13. Rc1 Rfc8 14. a3 e6 15. b4 Qd8 16. Nc5 Nxc5 17. bxc5 Ba6 18.
Re1 Qe7 19. Bd6 Qf6 20. e3 Qd8 21. Qa4 Bb5 22. Qb3 Bf8 23. Bxf8 Kxf8 24. a4 Bc4 25.
Rxc4 dxc4 26. Qxc4 Qa5 27. Rb1 Rab8 28. Rxb8 Rxb8 29. Bxc6 Rb1+ 30. Kg2 Qe1 31. d5 Qh1+ 32. Kh3 exd5 33. Bxd5 Qf1+ 34. Qxf1 Rxf1 35. Kg2 Rc1 36. c6 Ke7 37. e4 Ra1 38. c7 Kd7 39. Bxf7 Kxc7 40.
Be8 a5 41. Bb5 Rb1 42. Be8 Kd6 43. f4 Rb8 44. Bf7 Kc5 45. e5 Rb2+ 46. Kh3 Rb8 47. Kg4 Rb7 48. Be8 Re7 49. Bb5 Rb7 50. Be8 Rb8 51.
Bd7 Rb7 52. e6 Kd6 53. f5 gxf5+ 54. Kxf5 Ke7 55. g4 Rb2 56. h4 Rh2 57. h5 h6 58. Kg6 Rxh5 59. gxh5 1-0

[Event "*** Titled Tuesday Blitz"]
[Site "Chess.com"]
[Date "2020.10.27"]
[Round "5"]
[White "SARGISMV"]
[Black "Mazetovic"]
[Result "0-1"]
[WhiteElo "2518"]
[BlackElo "2759"]
[TimeControl "180+1"]
[EndTime "10:57:10 PDT"]
[Termination "Mazetovic won by checkmate"]

1. c4 Nf6 2. Nc3 g6 3. d4 Bg7 4. e4 d6 5. Be2 O-O 6. Nf3 Na6 7.
Be3 e5 8. O-O c6 9. h3 exd4 10.
Nxd4 Re8 11. Qc2 Nc5 12. Bf3 a5 13. Rad1 Nfd7 14. Rfe1 Ne5 15. Be2 Qh4 16. f4 Ned7 17. Bf3 Nf6 18. Qf2 Qxf2+ 19. Bxf2 Nfd7 20. g4 h6 21. h4 Nf6 22. g5 Ng4 23. Bg3 h5 24. Kg2 a4 25. f5 Ne5 26. f6 Bf8 27. Be2 Ng4 28.
Bf1 Ne5 29. Be2 Bg4 30. Bxg4 Nxg4 31. Nf3 Ne5 32. Nxe5 dxe5 33. Rd2 Ne6 34. Red1 Bb4 35. Bxe5 a3 36. bxa3 Rxa3 37. Nb1 Raa8 38. Rd7 Nc5 39. Bd6 Nxd7 40. Bxb4 Rxa2+ 41. Kf3 Ne5+ 42. Kf4 Rf2+ 43. Ke3 Rf3+ 44. Kd4 Rd8+ 45. Kxe5 Rxd1 46. Nc3 Rxc3 47. Bxc3 Rd3 48. Bb4 Rh3 49. Kd6 Rxh4 50. e5 Re4 51. Ke7 h4 52. Bd6 h3 53. Ke8 h2 54. Be7 Rxe5 55.
c5 Re6 56. Kd7 h1=Q 57. Bd6 Qd5 58. Kc7 b6 59. Kxb6 Rxd6 60. Kc7 Rd7+ 61. Kb6 Qe6 62. Ka6 Qe8 63. Kb6 Qc8 64. Ka5 Rb7 65. Ka6 Qa8# 0-1

[Event "*** Titled Tuesday Blitz"]
[Site "Chess.com"]
[Date "2020.10.27"]
[Round "5"]
[White "chessdjw"]
[Black "Chessdreamer2020"]
[Result "1-0"]
[WhiteElo "2646"]
[BlackElo "2472"]
[TimeControl "180+1"]
[EndTime "10:57:10 PDT"]
[Termination "chessdjw won by checkmate"]

1. c4 d6 2. Nc3 e5 3. d3 f5 4. g3 Nf6 5. Bg2 Be7 6. b4 O-O 7. Nf3 Qe8 8. O-O Qh5 9. e3 c6 10. a4 Be6 11. b5 Nbd7 12. Rb1 Rab8 13. Ba3 Rfe8 14. Nh4 Qxd1 15. Rfxd1 d5 16. Bxe7 Rxe7 17. bxc6 bxc6 18. Rxb8+ Nxb8 19. Rb1 Na6 20. cxd5 cxd5 21. d4 e4 22. Bf1 Nc7 23. Rb7 a6 24. Bxa6 Kf7 25.
Bf1 Bc8 26. Rb8 Re8 27. a5 g6 28. Ng2 g5 29. Rb6 Re6 30. Rb8 Ba6 31. Bxa6 Rxa6 32. Rb7 Rc6 33. Nb5 Ne8 34. h4 h6 35. Nxc7 Nxc7 36.
a6 Ke6 37. a7 Rc1+ 38. Kh2 Na8 39. Rb8 Nc7 40. Rc8 Kd7 41. a8=Q Nxa8 42. Rxc1 Nb6 43. hxg5 hxg5 44. Rc5 Kd6 45. g4 fxg4 46. Kg3 Nd7 47. Ra5 Nf6 48. Ra6+ Ke7 49. Ne1 Kf7 50. Nc2 Kg7 51. Nb4 Kf7 52. Rxf6+ Kxf6 53. Nxd5+ Ke6 54.
Nc3 Kf5 55. d5 Ke5 56. Kxg4 Kf6 57. Nxe4+ Ke5 58. Nc3 Kd6 59. Kxg5 Ke5 60. f4+ Kd6 61. e4 Ke7 62. e5 Kd7 63. d6 Ke8 64. Ne2 Kf7 65. Nd4 Ke8 66. e6 Kd8 67. f5 Ke8 68. f6 Kd8 69. f7 Kc8 70. f8=Q+ Kb7 71. Qe7+ Kb6 72. Qc7+ Ka6 73. Qc6+ Ka5 74. Qb5# 1-0

[Event "*** Titled Tuesday Blitz"]
[Site "Chess.com"]
[Date "2020.10.27"]
[Round "5"]
[White "Pultis"]
[Black "ArjunErigaisi2003"]
[Result "0-1"]
[WhiteElo "2712"]
[BlackElo "2996"]
[TimeControl "180+1"]
[EndTime "10:57:12 PDT"]
[Termination "ArjunErigaisi2003 won on time"]

1. d4 Nf6 2. c4 g6 3. Nc3 d5 4.
cxd5 Nxd5 5. g3 Bg7 6. Bg2 Nb6 7. Nf3 O-O 8. O-O Nc6 9. e3 e5 10. d5 Na5 11. e4 c6 12. Re1 Re8 13. h3 h6 14. a4 cxd5 15. exd5 Bf5 16. Nh4 Bd7 17.
b4 Nac4 18. a5 Nc8 19. Ne4 N8d6 20. Nc5 Bb5 21. Nf3 b6 22. axb6 axb6 23. Rxa8 Qxa8 24.
Ne4 Nxe4 25. Rxe4 Nd6 26. Re1 Bc4 27. Nh2 Nb5 28. Ng4 h5 29. Nh6+ Kf8 30. d6 Qd8 31. Bd5 Nc3 32. Bxc4 Nxd1 33. Rxd1 f6 34. Nf7 Qd7 35. b5 Rc8 36. Bd5 f5 37. Bg5 Qxb5 38. Be6 Qa4 39. Rf1 Re8 40. d7 Rxe6 41. d8=Q+ Kxf7 42. Qc7+ Kg8 43. Qc8+ Qe8 44. Qc4 Qf7 45. Rb1 Re8 46. Qb5 Re6 47. Be3 f4 48. Bxb6 fxg3 49. fxg3 Qf5 50. Kg2 Qe4+ 51. Kg1 Qf5 52. Bf2 Qxh3 53.
Qd5 Kh7 54. Rb7 Rf6 55. Qxe5 Qg4 56. Qe3 Qd1+ 57. Kh2 Qc2 0-1

[Event "*** Titled Tuesday Blitz"]
[Site "Chess.com"]
[Date "2020.10.27"]
[Round "5"]
[White "ega2006"]
[Black "olksuna"]
[Result "1-0"]
[WhiteElo "2374"]
[BlackElo "2605"]
[TimeControl "180+1"]
[EndTime "10:57:12 PDT"]
[Termination "ega2006 won by checkmate"]

1. e4 Nf6 2. e5 Nd5 3. d4 d6 4.
c4 Nb6 5. exd6 exd6 6. Nc3 Be7 7. Bd3 Nc6 8. Nge2 Bg4 9. Be3 O-O 10. b3 Bg5 11.
Qd2 Bxe3 12. Qxe3 Re8 13. Qf4 Nb4 14. Qxg4 Nxd3+ 15. Kf1 Qf6 16. Qf3 Qxf3 17. gxf3 Nb4 18. Kg2 Re7 19. f4 Rae8 20. Kf3 c6 21. a3 Na6 22. Ng3 g6 23. f5 d5 24. c5 Nd7 25.
b4 Nc7 26. h4 Nf6 27. h5 g5 28. h6 Ne4 29. Rac1 f6 30. Kg2 Nd2 31. Rhd1 Nc4 32.
a4 a6 33. Rb1 Ra8 34. b5 axb5 35. axb5 Ra3 36. Rdc1 Nd2 37. Rb2 Nc4 38. Rbb1 Rxc3 39.
Rxc3 Nxb5 40. Rd3 Kf7 41. Ra1 Ke8 42. Ra8+ Kd7 43. Nh5 Rf7 44. Rg8 Ke7 45. Rb8 Kd7 46.
Rxb7+ Nc7 47. Rdb3 Re7 48. Ra7 Re2 49. Rbb7 Kd8 50.
Rxc7 Ne3+ 51. Kf3 Rc2 52. fxe3 g4+ 53. Kxg4 Rg2+ 54. Kf3 Rg5 55. Rd7+ Kc8 56. Rxh7 Rxf5+ 57. Ke2 Rxh5 58. Rh8# 1-0

[Event "*** Titled Tuesday Blitz"]
[Site "Chess.com"]
[Date "2020.10.27"]
[Round "5"]
[White "Jumbo"]
[Black "YoungUzbek"]
[Result "1-0"]
[WhiteElo "2865"]
[BlackElo "2770"]
[TimeControl "180+1"]
[EndTime "10:57:13 PDT"]
[Termination "Jumbo won by resignation"]

1. d4 Nf6 2. c4 e6 3. Nf3 d5 4. Nc3 c6 5. e3 Nbd7 6. Qc2 a6 7. b3 Bb4 8. Bd2 O-O 9. Bd3 dxc4 10. bxc4 c5 11. O-O cxd4 12. exd4 b6 13. Rad1 Bb7 14. Ne5 Qc7 15. Rfe1 Bd6 16. Nxd7 Qxd7 17. Bg5 Kh8 18. c5 bxc5 19. dxc5 Qc6 20. Be4 Nxe4 21. Nxe4 Bc7 22.
f3 f6 23. Bh4 Rad8 24. Rxd8 Bxd8 25. Nd6 e5 26. Rb1 Ba8 27. Qc4 g5 28. Bf2 Be7 29. Nf5 Bd8 30. Rb8 Qd7 31. Nd6 Bc6 32. Qxa6 Kg7 33.
Qc4 Bc7 34. Rxf8 Kxf8 35. Qd3 f5 36. h4 e4 37. fxe4 fxe4 38. Qd4 Bxd6 39. cxd6 Qe6 40.
Qh8+ Kf7 41. Qxh7+ Ke8 42. hxg5 e3 43. Qh5+ Kd7 44.
Bg3 e2 45. Qh7+ Ke8 46. Qe7+ Qxe7 47. dxe7 Kxe7 48. Kf2 Bb5 49. Bf4 Ba6 50. Bd2 Kf7 51. Kg3 Kg6 52. Kf4 Bb7 53. g3 Ba6 54. a4 Bc4 55. a5 Ba6 56. Ke5 Kh5 57. Kd6 Bd3 58.
Kc7 Kg4 59. Kb6 Kxg3 60. a6 Kg4 61. a7 Be4 62. g6 Kf5 63. g7 1-0

[Event "*** Titled Tuesday Blitz"]
[Site "Chess.com"]
[Date "2020.10.27"]
[Round "5"]
[White "Shuvalov"]
[Black "JoachimMouhamad"]
[Result "0-1"]
[WhiteElo "2510"]
[BlackElo "2311"]
[TimeControl "180+1"]
[EndTime "10:57:13 PDT"]
[Termination "JoachimMouhamad won by resignation"]

1. Nf3 c5 2. c4 Nc6 3. d4 cxd4 4. Nxd4 g6 5. e4 Nf6 6. Nc3 d6 7. Be2 Nxd4 8. Qxd4 Bg7 9. Be3 O-O 10. Qd2 a5 11. f3 a4 12. O-O Qa5 13. Rab1 Be6 14. Rfc1 Rfc8 15. b4 axb3 16. axb3 Qb4 17. Qe1 Nd7 18. Bd2 Qb6+ 19. Kh1 Ra3 20. Nb5 Ra2 21. Bg5 Kf8 22. Bf1 Qf2 23. Qd1 h6 24. Bf4 Nc5 25. Bg3 Qd2 26. Qxd2 Rxd2 27. Rd1 Rxd1 28. Rxd1 Nxb3 29.
Na3 Na5 30. Rb1 Nxc4 31. Bxc4 Bxc4 32. Rxb7 Bd3 33. h3 Bd4 34. Kh2 Rc1 35. h4 Ra1 36. Nb5 Rb1 37. Nxd6 exd6 38. Bxd6+ Kg7 39. Rd7 Bb5 40. Rd8 Bb6 41. Bf8+ Kh7 42. Rd6 Bc5 43.
Rd8 Bxf8 44. Rxf8 Kg7 45. Rc8 Rb2 46. Kg3 Bf1 47. Rc7 Rxg2+ 48. Kf4 Rb2 49. e5 Rb4+ 50. Kg3 Be2 51. e6 Bc4 52. Rxf7+ Kg8 53. Rf6 Kg7 54. Rf7+ Kg8 55. Rf6 Rb6 56. Rxg6+ Kh7 57. h5 Rxe6 58. Rxe6 Bxe6 59. Kf4 Kg7 60. Ke5 Kf7 61. f4 Bg4 62. f5 Bxh5 63. Kf4 Kf6 64. Kg3 Kxf5 65. Kh4 Kg6 66. Kg3 Bd1 67. Kh2 Ba4 0-1

[Event "*** Titled Tuesday Blitz"]
[Site "Chess.com"]
[Date "2020.10.27"]
[Round "5"]
[White "Snegokhod"]
[Black "XDPS"]
[Result "0-1"]
[WhiteElo "2441"]
[BlackElo "2745"]
[TimeControl "180+1"]
[EndTime "10:57:15 PDT"]
[Termination "XDPS won by checkmate"]

1. e4 c5 2. Nf3 e6 3. d3 Nc6 4. g3 Nf6 5. Bg2 e5 6. O-O Be7 7. c4 O-O 8. Nc3 d6 9. Nh4 Ne8 10. Nf5 Nd4 11. Nxe7+ Qxe7 12. Nd5 Qd8 13. f4 Nc7 14.
fxe5 dxe5 15. Bd2 b6 16. b4 Nce6 17. b5 Nc7 18. a4 Ne8 19. a5 Bb7 20. a6 Bxd5 21.
exd5 Nd6 22. Ra2 f5 23. Be3 Qf6 24. Raf2 Rae8 25. Qd2 h6 26. Bh3 e4 27. Bg2 exd3 28.
Qxd3 Rxe3 29. Qxe3 Nxc4 30. Qf4 Nd6 31. Re1 N4xb5 32.
Re6 Qd8 33. Qe5 Nc4 34. Qf4 Nd4 35. Re1 Nd6 36. Rd2 Qf6 37. Rd3 g5 38. Qe5 Qxe5 39. Rxe5 Kf7 40. Rde3 Re8 41. Rxe8 Nxe8 42. d6 Nxd6 43.
Bd5+ Kf6 44. Kf2 c4 45. Rc3 b5 46. Ke3 Ke5 47. Bg8 f4+ 48. gxf4+ gxf4+ 49. Kd2 Ne4+ 50. Kc1 Nxc3 51. Kb2 b4 52. Bxc4 f3 53. Kc1 f2 54.
Kd2 Kf4 55. h4 Ne4+ 56. Kc1 Ke3 57. h5 Ne2+ 58. Kb2 f1=Q 59. Kb3 Qb1+ 60. Ka4 Qc2+ 61. Kxb4 Qc3+ 62. Kb5 Nd4+ 63. Ka4 Nc5# 0-1

[Event "*** Titled Tuesday Blitz"]
[Site "Chess.com"]
[Date "2020.10.27"]
[Round "5"]
[White "WhiteKnight2612"]
[Black "Sharpchess22"]
[Result "0-1"]
[WhiteElo "2591"]
[BlackElo "2770"]
[TimeControl "180+1"]
[EndTime "10:57:17 PDT"]
[Termination "Sharpchess22 won by resignation"]

1. Nf3 Nf6 2. g3 g6 3. Bg2 Bg7 4. O-O O-O 5. d4 d6 6. c4 Nc6 7.
Nc3 a6 8. d5 Na5 9. Nd2 c5 10.
Qc2 Rb8 11. b3 b5 12. Bb2 e5 13. Rab1 Bf5 14. e4 Bd7 15. Nd1 Bh6 16. f4 Re8 17.
Bc3 Nb7 18. fxe5 dxe5 19. Nf3 Ng4 20. Qe2 Bg7 21. h3 Nh6 22. g4 f6 23. Nf2 Nd6 24. Nd2 Nhf7 25. Nd3 Qb6 26. Qf2 Rec8 27. Kh2 a5 28. Qe3 Qa6 29. Nxc5 Qa7 30. b4 axb4 31. Bxb4 Bh6 32. Qf2 Bf4+ 33. Kh1 bxc4 34. Nxd7 Qxd7 35. a3 Nb5 36. Nf3 c3 37. Ne1 Nxa3 38. Rb3 c2 39. Nd3 c1=Q 40. Nxc1 Rxc1 41. Rxc1 Bxc1 42. Qxf6 Nc2 43.
Rc3 Bd2 44. Rxc2 Bxb4 45. h4 Be7 46. Qf3 Bxh4 47. Bh3 Ng5 48. Qc3 Nxe4 49. Qc4 Nd6 50. Qd3 Re8 51. g5 Nf5 52. d6 Bxg5 53. Qd5+ Qf7 54.
d7 Rd8 55. Qg2 Bf6 56. Rc8 Qxd7 57. Bxf5 Qxf5 58. Rxd8+ Bxd8 59. Qd5+ Kg7 60. Qxd8 Qh5+ 61. Kg2 Qg4+ 62. Kh1 Qe4+ 63. Kh2 Qf4+ 64. Kh1 Qf3+ 65. Kh2 Qf6 66. Qe8 Kh6 67. Kh1 Kg5 68. Kh2 h5 69. Qa4 Qf4+ 70. Kh3 Qxa4 0-1

[Event "*** Titled Tuesday Blitz"]
[Site "Chess.com"]
[Date "2020.10.27"]
[Round "5"]
[White "reniite"]
[Black "dosto07"]
[Result "1/2-1/2"]
[WhiteElo "1938"]
[BlackElo "2332"]
[TimeControl "180+1"]
[EndTime "10:57:18 PDT"]
[Termination "Game drawn by repetition"]

1. e4 e5 2. Nf3 Nc6 3. Nc3 Nf6 4. Bb5 Bb4 5. O-O O-O 6. d3 Bxc3 7. bxc3 d6 8. Bg5 Qe7 9. Re1 Nd8 10. d4 Ne6 11.
Bc1 c6 12. Bf1 Qc7 13. a4 Rd8 14. a5 Rb8 15. c4 exd4 16. Nxd4 Nc5 17. f3 Be6 18.
Bb2 Re8 19. Nb3 Nfd7 20. Qd2 Rbd8 21. Red1 Ne5 22. Qc3 f6 23. Ba3 Nxb3 24. cxb3 c5 25. Rac1 Nc6 26. b4 b6 27. axb6 axb6 28. b5 Nd4 29. Bb2 Bf7 30. Qe3 Ne6 31. Ra1 Ra8 32. g4 Rxa1 33. Bxa1 Ra8 34. Qd2 Ra3 35. Be2 h6 36. Bb2 Ra2 37. Qc1 Nd4 38. Bxd4 Rxe2 39. Bf2 Qe7 40. Qc3 h5 41. Qd3 Ra2 42. Qxd6 Qxd6 43.
Rxd6 hxg4 44. fxg4 Bxc4 45. Rxb6 Rb2 46. Bxc5 Bxb5 47. Rb8+ Kf7 48. Bd4 Rb4 49. Rb7+ Ke6 50. Bf2 g5 51. Rb6+ Kf7 52. h3 Rb1+ 53. Kh2 Bd3 54.
Kg3 Rxb6 55. Bxb6 Bxe4 56. Bf2 Kg6 57. Be3 Bd5 58. Bf2 Kf7 59. Bg1 Ke6 60. Bf2 Bc4 61. Bg1 Bf1 62. Bf2 Ke5 63. Bg1 Ke4 64. Bf2 Be2 65.
Bb6 f5 66. gxf5 Kxf5 67. Bd8 Bf1 68. Bb6 Be2 69. Bg1 Bh5 70. Bh2 Be2 71. Bg1 Bh5 72.
Bh2 Bg6 73. Bg1 Bh5 1/2-1/2

[Event "*** Titled Tuesday Blitz"]
[Site "Chess.com"]
[Date "2020.10.27"]
[Round "5"]
[White "xamax2000"]
[Black "GM_Levan_Pantsulaia"]
[Result "1-0"]
[WhiteElo "2676"]
[BlackElo "2843"]
[TimeControl "180+1"]
[EndTime "10:57:19 PDT"]
[Termination "xamax2000 won by resignation"]

1. d4 Nf6 2. c4 c5 3. d5 e6 4.
Nc3 exd5 5. cxd5 d6 6. g3 g6 7.
Bg2 Bg7 8. Nf3 O-O 9. O-O a6 10. a4 Nbd7 11. Bf4 Qe7 12. e4 Ng4 13. Qe2 Rb8 14. Nd2 Nge5 15. h3 Re8 16. Be3 f5 17. exf5 gxf5 18. Rfe1 Ng6 19. Nc4 b6 20. Qc2 Nde5 21.
Bd2 Bd7 22. b3 Qf8 23. f4 Nf7 24. a5 b5 25. Nb6 Rxe1+ 26. Rxe1 Qd8 27. Nd1 Rxb6 28.
axb6 Qxb6 29. Ne3 Nh6 30. Kh2 a5 31. Bc3 Qd8 32. Bxg7 Kxg7 33. Qc3+ Kf7 34. Bf3 Ng8 35. Qd3 N8e7 36. Bh5 Qb6 37. g4 fxg4 38. f5 gxh3 39. fxg6+ hxg6 40. Rf1+ Ke8 41. Bxg6+ Kd8 42. Rf8+ Kc7 43.
Rf7 c4 44. bxc4 Nxg6 45. Ng4 Ne5 46. Nxe5 dxe5 47. cxb5 Qd6 48. Qc4+ Kb6 49. Kh1 Bxb5 50. Qe4 a4 51. Qe3+ Ka5 52. Ra7+ Ba6 53. Qc3+ Kb6 54. Qe3+ Kb5 55. Qe2+ Kb6 56. Rxa6+ Kc5 57. Rxd6 1-0

[Event "*** Titled Tuesday Blitz"]
[Site "Chess.com"]
[Date "2020.10.27"]
[Round "5"]
[White "ViktoriyaTarasova"]
[Black "MrChampion_Coach"]
[Result "0-1"]
[WhiteElo "2254"]
[BlackElo "2421"]
[TimeControl "180+1"]
[EndTime "10:57:21 PDT"]
[Termination "MrChampion_Coach won on time"]

1. d4 Nf6 2. c4 e6 3. Nc3 Bb4 4. Qc2 O-O 5. Nf3 b6 6. e4 d5 7. cxd5 exd5 8. e5 Ne4 9. Bd3 c5 10. O-O Bb7 11. Nxe4 dxe4 12. Bxe4 Bxe4 13. Qxe4 Nd7 14.
a3 Ba5 15. Ng5 g6 16. Qh4 h5 17. g4 cxd4 18. b4 Nxe5 19. bxa5 f6 20. gxh5 fxg5 21.
Qg3 Qd5 22. f4 d3 23. Be3 Nc4 24. hxg6 Qe4 25. Rae1 Qxg6 26. axb6 axb6 27. fxg5 Rxf1+ 28.
Rxf1 d2 29. Qf3 Rd8 30. h4 Qe6 31. Bf2 Qd5 32. Qxd5+ Rxd5 33. Rd1 Nb2 34. Rxd2 Rxd2 35. Bxb6 Rd3 36. Bc5 Na4 37. Bb4 Rd4 38. Kg2 Rxh4 39. Kg3 Rd4 40. g6 Kg7 41. Kf3 Kxg6 42. Ke3 Rg4 43.
Kd3 Nb6 44. Ke3 Nd5+ 45. Kf3 Rf4+ 46. Kg3 Kf5 47. Bd2 Re4 48. Kf3 Ke5 49. Bc1 Rc4 50. Bb2+ Kd6 51. Ke2 Kc5 52. Kd3 Nf4+ 53. Kd2 Ne6 54.
Kd3 Nf4+ 55. Kd2 Re4 56. Kc2 Kc4 57. Bc1 Re2+ 58. Bd2 Nd5 59. Kd1 Re4 60. Kc2 Rd4 61.
Kd1 Rd3 62. Ke2 Rxa3 63. Be1 Ra2+ 64. Bd2 Nc3+ 65. Ke1 Nb1 66. Bc1 Kd3 67. Kd1 Nc3+ 68. Ke1 Ra1 69. Kf2 Rxc1 0-1

[Event "*** Titled Tuesday Blitz"]
[Site "Chess.com"]
[Date "2020.10.27"]
[Round "5"]
[White "MatyChess1"]
[Black "DinaBelenkaya"]
[Result "0-1"]
[WhiteElo "2537"]
[BlackElo "2358"]
[TimeControl "180+1"]
[EndTime "10:57:22 PDT"]
[Termination "DinaBelenkaya won on time"]

1. e4 d5 2. exd5 Qxd5 3. Nc3 Qa5 4. d4 Nf6 5. Nf3 c6 6. Bd2 Qb6 7. Bc4 Bf5 8. Bb3 e6 9. O-O Nbd7 10. Bf4 Be7 11. h3 O-O 12. Qe2 h6 13. Rad1 Rfe8 14. Bh2 a5 15. a4 Rad8 16. Ne5 Nxe5 17. dxe5 Nd5 18. Ne4 Bxe4 19. Qxe4 Bc5 20. Rd3 Nb4 21. Rf3 Rd4 22. Qe2 Red8 23. Bf4 Nd3 24. Be3 Nxe5 25. Rg3 Rh4 26. Bxh6 Rxh6 27. Qxe5 Bd4 28. Qf4 Kh8 29.
Kh2 Qc5 30. Qg4 Bf6 31. f4 Rg6 32. Qf3 Rxg3 33. Qxg3 Rd2 34. Qf3 g6 35. f5 Qxf5 36. Qxf5 gxf5 37. Rf3 Kg7 38. Kh1 Bxb2 39. g4 Rd1+ 40. Kg2 fxg4 41. hxg4 Be5 42. Rd3 Rxd3 43. cxd3 Kf6 44. Kf3 Kg5 45. Bd1 Bd4 46. Ke4 Bf2 47.
Kf3 Bg1 48. Ke4 b5 49. Kf3 f5 50. gxf5 exf5 51. Bb3 Bd4 52. Ke2 Kf6 53. Kf1 Ke5 54.
Ke2 Kd6 55. Kd1 f4 56. Kc2 Kc5 57. Be6 Kb4 58. axb5 cxb5 59. Bg4 a4 60. Bf3 Kc5 61. Kb1 b4 62. Kc2 b3+ 63. Kb1 Kb4 64. Bd1 a3 65.
Kc1 Kc3 66. Bf3 Be3+ 67. Kb1 a2+ 68. Ka1 Kc2 0-1

[Event "*** Titled Tuesday Blitz"]
[Site "Chess.com"]
[Date "2020.10.27"]
[Round "5"]
[White "Dream2World_Number1"]
[Black "boasovietica"]
[Result "0-1"]
[WhiteElo "2068"]
[BlackElo "2490"]
[TimeControl "180+1"]
[EndTime "10:57:22 PDT"]
[Termination "boasovietica won by resignation"]

1. e4 e5 2. Nf3 Nc6 3. Bb5 a6 4. Ba4 Nf6 5. O-O Be7 6. Re1 b5 7. Bb3 d6 8. c3 O-O 9. a4 Bg4 10. h3 Bh5 11. d3 Rb8 12. axb5 axb5 13. Bg5 b4 14. Nbd2 bxc3 15. bxc3 Nd7 16. Bxe7 Nxe7 17.
g4 Bg6 18. Nf1 Nc5 19. Bc2 Ne6 20. Ne3 Nf4 21. Kh2 f6 22. Nf5 Nxf5 23. gxf5 Bh5 24. Rg1 Rb2 25. Rg3 Qb8 26. Ra3 Qb6 27. Kg1 Rb8 28. Kf1 Kf8 29. Qc1 Nxd3 30. Qd2 Qxf2+ 31. Qxf2 Nxf2 32. Ne1 Nd1 33. Ra7 R2b7 34. Ra1 Nb2 35.
Kf2 Nc4 36. Nd3 c6 37. Nb4 Rc7 38. Na6 Ra8 39. Bd3 d5 40. Bxc4 dxc4 41. Nxc7 Rxa1 42.
Ne6+ Ke7 43. Rxg7+ Kd6 44. Rxh7 Ra2+ 45. Kg3 Be2 46. h4 Rc2 47. Rh8 Rxc3+ 48. Kf2 Bf3 49. Rd8+ Ke7 50. Rd2 Bxe4 51. Nc5 Bxf5 52. h5 Rc2 53.
Ke3 Rxd2 54. Kxd2 Kd6 55. Nb7+ Kd5 56. Nd8 Kd4 57. Nf7 c3+ 58. Kc1 e4 59. h6 e3 60.
h7 Bxh7 0-1

[Event "*** Titled Tuesday Blitz"]
[Site "Chess.com"]
[Date "2020.10.27"]
[Round "5"]
[White "verdest"]
[Black "Oligan22"]
[Result "1/2-1/2"]
[WhiteElo "2621"]
[BlackElo "2429"]
[TimeControl "180+1"]
[EndTime "10:57:25 PDT"]
[Termination "Game drawn - insufficient material"]

1. d4 Nf6 2. c4 e6 3. Nf3 b6 4. g3 Ba6 5. b3 Bb4+ 6. Bd2 Be7 7.
Nc3 c6 8. e4 d5 9. e5 Nfd7 10.
cxd5 cxd5 11. Bxa6 Nxa6 12. O-O Nb4 13. a3 Nc6 14.
Qe2 a6 15. Rfc1 Na5 16. Qd1 O-O 17. Na4 f6 18. Bxa5 bxa5 19. Qe2 Rc8 20. exf6 Rxf6 21. Qxa6 Rxc1+ 22. Rxc1 Nb8 23. Qe2 Bxa3 24. Rc2 Nd7 25. Rc6 Qe7 26. Nc3 h6 27. Rc8+ Rf8 28. Rxf8+ Nxf8 29. Ne5 Qb4 30. Nb5 Qxb3 31. Nc7 Bd6 32. Ne8 Bxe5 33.
Qxe5 Qb1+ 34. Kg2 Qe4+ 35. Qxe4 dxe4 36. Nd6 a4 37. Nxe4 Nd7 38. Nc3 Nb6 39. Kf3 Kf7 40. Ke4 Ke7 41. Kd3 Kd6 42. f4 a3 43. Kc2 Nd5 44. Ne4+ Kc6 45. Kb3 Ne3 46. Kxa3 Kd5 47. Nf2 Kxd4 48. Kb3 Nf1 49. Ng4 Ke4 50. Kc2 Kf5 51.
Nf2 Nxh2 52. Kd3 Nf1 53. g4+ Kxf4 54. Ke2 Ng3+ 55. Kd3 Ne4 56. Nxe4 Kxg4 57. Nf2+ Kf3 58. Ne4 g5 59. Nd2+ Kf2 60. Ke4 g4 61. Kf4 h5 62.
Ne4+ Kg2 63. Nf6 e5+ 64. Kxe5 Kf3 65. Nxh5 g3 66. Nxg3 1/2-1/2